 Dungeon Crawl Stone Soup version 0.32-a0-859-gb0a091d592 (webtiles) character file.

Game seed: 12206920926390747916

1050 epen the Chiller (level 8, -5/72 HPs)
             Began as a Naga Ice Elementalist on Mar 27, 2024.
             Slain by an orc warrior
             ... wielding a +0 short sword
              (11 damage)
             ... on level 6 of the Dungeon.
             The game lasted 00:10:35 (5814 turns).

epen the Chiller (Naga Ice Elementalist)            Turns: 5814, Time: 00:10:36

Health: -5/72      AC:  5    Str: 11    XL:     8   Next: 26%
Magic:  5/14       EV: 10    Int: 15    God:
Gold:   376        SH:  0    Dex: 14    Spells: 8/15 levels left

rFire   . . .        w - +1 spear
rCold   . . .        (no shield)
rNeg    . . .        a - +0 robe
rPois   +            l - +1 helmet
rElec   .            (no cloak)
rCorr   .            (no gloves)
SInv    +            (no barding)
Will    +....        (no amulet)
Stlth   ++           (no ring)
HPRegen 0.32/turn    (no ring)
MPRegen 0.14/turn

%: no passive effects
@: mighty, very slightly contaminated, very slow
A: AC +2, large, see invisible, deformed body, poison resistance, slowness 2,
spit poison 1, naga tail 1
a: Spit Poison


You were on level 6 of the Dungeon.
You visited 2 branches of the dungeon, and saw 7 of its levels.

You collected 376 gold pieces.

Inventory:

Hand Weapons
 h - a +2 dagger of venom
 w - a +1 spear (weapon)
Armour
 a - a +0 robe (worn)
 l - a +1 helmet (worn)
Jewellery
 v - the ring of Igyoff {Ice rN+}
   (You found it on level 3 of the Dungeon)

   [ring of ice]

   Ice:       It enhances your ice magic.
   rF-:       It makes you vulnerable to fire.
   rC+:       It protects you from cold.
   rN+:       It protects you from negative energy.
Wands
 c - a wand of flame (12)
Scrolls
 k - a scroll of enchant weapon
 m - a scroll of revelation
 u - a scroll of immolation
Potions
 b - a potion of magic
 e - a potion of lignification
 g - 2 potions of attraction
 i - a potion of brilliance
 j - a potion of degeneration
 r - a potion of heal wounds {unknown}


   Skills:
 + Level 3.8 Fighting
 - Level 2.4 Short Blades
 * Level 2.3 Polearms
 + Level 3.6 Dodging
 - Level 3.0 Stealth
 + Level 4.0 Spellcasting
 + Level 6.3 Ice Magic


You had 8 spell levels left.
You knew the following spells:

 Your Spells              Type           Power      Damage    Failure   Level
a - Freeze                Ice            88%        1d9       1%          1
b - Frozen Ramparts       Ice            44%        1d7       4%          3
c - Ozocubu's Armour      Ice            22%        N/A       4%          3

Your spell library contained the following spells:

 Spells                   Type           Power      Damage    Failure   Level
 Hailstorm                Conj/Ice       12%        3d6       14%         3
 Summon Ice Beast         Ice/Summ       12%        N/A       14%         3
 Call Imp                 Summ           6%         N/A       26%         2
 Cigotuvi's Dreadful Rot  Necr/Alch/Air  6%         N/A       26%         2
 Sublimation of Blood     Necr           3%         N/A       26%         2
 Fugue of the Fallen      Necr           3%         N/A       47%         3
 Passwall                 Erth           3%         N/A       47%         3
 Volatile Blastmotes      Fire/Tloc      6%         2d10      47%         3
 Dispel Undead            Necr           3%         3d7       87%         4
 Martyr's Knell           Necr/Summ      3%         N/A       87%         4
 Vhi's Electric Charge    Tloc/Air       6%         N/A       87%         4
 Summon Mana Viper        Hex/Summ       3%         N/A       99%         5
 Bombard                  Conj/Erth      1%         9d1       100%        6
 Permafrost Eruption      Ice/Erth       6%         2x4d3     100%        6
 Sculpt Simulacrum        Ice/Alch       6%         N/A       100%        6
 Manifold Assault         Tloc           1%         N/A       100%        7
 Monstrous Menagerie      Summ           1%         N/A       100%        7
 Summon Hydra             Summ           1%         N/A       100%        7


Dungeon Overview and Level Annotations

Branches:
Dungeon (6/15)             Temple (1/1) D:5

Altars:
Ashenzari
Dithmenos
Fedhas
Gozag
Hepliaklqana
Kikubaaqudgha
Vehumet
Xom
Yredelemnul
Zin
Lugonu

Annotations:
D:5 1 runed translucent door, LisatheFox's ghost, novice DEFE


Innate Abilities, Weirdness & Mutations

Your serpentine skin is tough. (AC +2)
You have supernaturally acute eyesight. (SInv)
Armour fits poorly on your strangely shaped body.
Your system is resistant to poisons. (rPois)
You cover ground very slowly.
You can spit poison.
You have a snake-like lower body.


Message History

You feel better.
The wall freezes the orc warrior.
The orc warrior hits you but does no damage.
The wall freezes the orc.
You kill the orc!
The orc closely misses you.
Press: ? - help, v - describe, . - travel, g - get item
Here: an orc warrior, wielding a +0 short sword and wearing a +0 plate armour (lightly wounded)
Items here: a +0 mace; an orc corpse.
The floor.
You closely miss the orc warrior.
The orc warrior is lightly wounded.
The wall freezes the orc warrior but does no damage.
The orc warrior hits you with a +0 short sword.
The orc barely misses you.
You hit the orc warrior.
The orc warrior is moderately wounded.
The wall freezes the orc warrior.
The orc warrior hits you with a +0 short sword!
* * * LOW HITPOINT WARNING * * *
The orc hits you from afar with a +0 trident.
* * * LOW HITPOINT WARNING * * *
Okay, then.
You feel better.
An orc comes into view. It is wielding a +0 falchion.
The wall freezes the orc warrior.
The orc warrior closely misses you.
The orc hits you from afar with a +0 trident.
* * * LOW HITPOINT WARNING * * *
Okay, then.
You feel very mighty all of a sudden.
The wall freezes the orc warrior but does no damage.
The orc warrior hits you but does no damage.
An iguana comes into view.
The orc hits you from afar with a +0 trident.
* * * LOW HITPOINT WARNING * * *
The iguana hisses angrily.
The orc shouts!
You hit the orc warrior but do no damage.
The orc warrior is heavily wounded.
The frozen ramparts melt away.
The orc warrior hits you with a +0 short sword!
You die...

.....<... ##. ....#..#
..l.. #.##..
...##.##...#..# ...#.
...#.<.....#...##...) #.
.................... ...
..).....)........#.#....
........##>...........
.<..#....#...##..).#
.........(......@###
................o))#..
...####.##.......oo...$
....#................#..
....##.###.#.##......#
....##...###.##......#
.........#...##......#
..............##.......
......##......# .......


You could see an orc warrior, an iguana and 2 orcs.

Vanquished Creatures
  A black bear (D:5)
  An ogre (D:6)
  A centaur (D:6)
  A phantom (D:5)
  A bullfrog (D:5)
  A gnoll sergeant (D:4)
  A jelly (D:6)
  A bombardier beetle (D:3)
  2 hounds
  3 orc priests
  A sleepcap (D:3)
  3 iguanas (D:5)
  4 orc wizards
  5 gnolls (D:4)
  3 adders (D:4)
  A white imp (D:4)
  3 dart slugs
  A ribbon worm (D:2)
  14 orcs
  2 ball pythons
  10 bats
  6 endoplasms
  3 giant cockroaches
  4 goblins
  9 hobgoblins
  7 jackals
  6 kobolds
  4 quokkas
  6 frilled lizards
  6 rats
111 creatures vanquished.

Notes
Turn   | Place    | Note
-------+----------+-------------------------------------------
     0 | D:1      | epen the Naga Ice Elementalist began the quest for the Orb.
     0 | D:1      | Reached XP level 1. HP: 15/15 MP: 3/3
   159 | D:1      | Reached XP level 2. HP: 24/24 MP: 3/5
   837 | D:1      | Reached XP level 3. HP: 30/30 MP: 6/6
   841 | D:1      | Learned a level 3 spell: Frozen Ramparts
  1044 | D:2      | Reached skill level 1 in Fighting
  1491 | D:2      | You fall into a shaft and drop 2 floors!
  1627 | D:4      | Reached XP level 4. HP: 32/38 MP: 7/7
  1729 | D:3      | Reached skill level 1 in Short Blades
  1733 | D:3      | Reached XP level 5. HP: 27/45 MP: 1/9
  2150 | D:3      | Reached skill level 5 in Ice Magic
  2724 | D:3      | Identified the ring of Igyoff {Ice rN+}
  2879 | D:3      | Reached XP level 6. HP: 35/52 MP: 6/10
  3057 | D:4      | Learned a level 3 spell: Ozocubu's Armour
  3611 | D:4      | Reached XP level 7. HP: 26/61 MP: 5/12
  3809 | D:5      | Entered Level 5 of the Dungeon
  3901 | D:5      | Found a shadowy altar of Dithmenos.
  4136 | D:5      | Reached skill level 6 in Ice Magic
  4352 | D:5      | Found a runed translucent door.
  4352 | D:5      | Noticed LisatheFox's ghost (novice DEFE)
  4571 | D:5      | Found a staircase to the Ecumenical Temple.
  4577 | Temple   | Entered the Ecumenical Temple
  4711 | D:5      | Reached skill level 1 in Polearms
  4982 | D:6      | Found a radiant altar of Vehumet.
  5596 | D:6      | Reached XP level 8. HP: 36/69 MP: 13/13
  5814 | D:6      | Slain by an orc warrior

Illustrated notes

Levels and vault maps discovered:
D:1:      dpeg_arrival_pits, layout_basic, minmay_pentomino_s2
D:2:      layout_basic
D:3:      layout_loops_corners, minmay_divided_ellipse
D:4:      layout_basic, minmay_door_square, serial_library_hellmonk_octagon
D:5:      layout_loops_ring, nicolae_dithmenos_shadow_blocks,
          minmay_temple_entry_enclosed_plants, hellmonk_ghost_happy_afterlife
D:6:      layout_cave_pools, vehumet_altar_wand_db, nicolae_elyvilon_temple_path
Temple:   corrupted_temple

Skill      XL: |  1  2  3  4  5  6  7  8 |
---------------+-------------------------+-----
Fighting       | 1 2 3 |  3.8
Dodging        | 2 3 |  3.6
Short Blades   | 1 2 |  2.4
Ice Magic      | 5 6 |  6.3
Spellcasting   | 3 4 |  4.0
Polearms       | 1 2 |  2.3
Stealth        | |  3.0

Action                     |  1- 3 |  4- 6 |  7- 9 || total
---------------------------+-------+-------+-------++-------
  Melee: Unarmed           |    29 |       |       ||    29
         Dagger            |    39 |   115 |       ||   154
         Spear             |       |       |   142 ||   142
   Cast: Freeze            |    19 |       |    11 ||    30
         Frozen Ramparts   |       |     9 |    19 ||    28
Ability: Spit Poison       |     1 |     4 |     1 ||     6
    Use: Scroll            |       |       |    18 ||    18
         Potion            |       |       |     6 ||     6
   Stab: Sleeping          |     4 |     8 |     1 ||    13
 Armour: Robe              |    47 |    56 |   141 ||   244
         Skin              |       |       |    38 ||    38
  Dodge: Dodged            |    47 |    65 |    86 ||   198

Table legend: (Time is in decaauts)
 A = Elapsed time spent in this place.
 B = Non-inter-level travel time spent in this place.
 C = Inter-level travel time spent in this place.
 D = Time resting spent in this place.
 E = Time spent auto-exploring this place.
 F = Levels seen in this place.
 G = Mean time per level.
                   A        B        C        D        E       F      G
               +--------+--------+--------+--------+--------+-----+--------+
         Total |   7160 |   7008 |    152 |    840 |   5112 |   7 | 1022.9 |
       Dungeon |   7122 |   6970 |    152 |    840 |   5112 |   6 | 1187.0 |
        Temple |     38 |     38 |      0 |      0 |      0 |   1 |   38.0 |
               +--------+--------+--------+--------+--------+-----+--------+

Top non-repeatable levels by time:
     D:5: 2036 daAuts
     D:3: 1711 daAuts
     D:1: 1346 daAuts
     D:4: 1166 daAuts
     D:2: 597 daAuts
     D:6: 264 daAuts
  Temple: 38 daAuts
